 Dungeon Crawl Stone Soup version 0.24.0-123-gd5b16e6ec5 (webtiles) character file.

Game seed: 15242888138024840212, levelgen mode: deterministic

11559 FishyPogo the Slicer (level 11, -21/91 HPs)
             Began as a Gnoll Chaos Knight on Jan 29, 2020.
             Was a Plaything of Xom.
             Killed from afar by an orc (25 damage)
             ... with an exploding inner flame
             ... hexed by the player character
             ... on level 11 of the Dungeon.
             The game lasted 00:35:39 (8939 turns).

FishyPogo the Slicer (Gnoll Chaos Knight)           Turns: 8939, Time: 00:35:40

Health: -21/91     AC: 13    Str: 24    XL:     11   Next: 79%
Magic:  20/20      EV: 17    Int: 14    God:    Xom [..*...]
Gold:   471        SH:  0    Dex: 16    Spells: 16/23 levels left

rFire    . . .     SeeInvis .   O - +4 great mace (crush)
rCold    + . .     Gourm    +   (shield currently unavailable)
rNeg     + . .     Faith    .   L - +2 leather armour
rPois    +         Spirit   .   (helmet restricted)
rElec    .         Reflect  .   P - +2 cloak {MR+}
rCorr    .         Harm     .   B - +0 pair of gloves
MR       +....                  v - +0 pair of boots
Stlth    +++.......             p - amulet of the gourmand
HPRegen  0.25/turn              s - +5 ring of strength
MPRegen  0.17/turn              e - ring of Vemuc {rC+ rN+ Str+2}

@: marked
A: distributed training, fangs 1, hooves 1, horns 1, rugged brown scales 1,
blink, poison resistance, strong nose
a: Blink, Renounce Religion


You were on level 11 of the Dungeon.
You worshipped Xom.
You were a toy of Xom.
You were completely stuffed.

You visited 1 branch of the dungeon, and saw 11 of its levels.

You collected 471 gold pieces.

Inventory:

Hand Weapons
 a - a +4 scimitar of freezing
 A - a +0 dagger of venom
 I - a +2 hand axe of electrocution
 J - a +2 war axe of chopping
 N - a +0 short sword of chaos
 O - a +4 great mace of crushing (weapon)
Missiles
 d - 243 stones
 m - 3 javelins
 r - 4 curare-tipped darts
 y - 3 throwing nets
 z - 9 boomerangs (quivered)
 G - 2 poisoned darts
Armour
 u - a +0 shield
 v - a +0 pair of boots (worn)
 w - a +0 cloak
 B - a +0 pair of gloves (worn)
 L - a +2 leather armour (worn)
 P - a +2 cloak of magic resistance (worn)
Magical Staves
 b - an uncursed staff of cold
 D - an uncursed staff of earth
Jewellery
 e - the ring of Vemuc (right hand) {rC+ rN+ Str+2}
   (You found it on level 11 of the Dungeon)

   [ring of protection from cold]

   It affects your strength (+2).
   It protects you from cold.
   It protects you from negative energy.
 p - an amulet of the gourmand (around neck)
 q - an uncursed ring of protection from fire
 s - a +5 ring of strength (left hand)
 E - a +4 ring of intelligence
Wands
 l - a wand of clouds (4)
 H - a wand of enslavement (7)
Scrolls
 f - 2 scrolls of fear {unknown}
 h - a scroll of noise {unknown}
 i - 4 scrolls of remove curse
 j - 2 scrolls of magic mapping
 k - 12 scrolls of identify
 o - 3 scrolls of immolation
 C - a scroll of blinking {unknown}
 K - a scroll of torment {unknown}
 M - a scroll of teleportation {unknown}
Potions
 g - a potion of curing
 t - a potion of degeneration
 x - 3 potions of might
 F - a potion of flight
Comestibles
 c - 17 rations
 n - 5 chunks of flesh


   Skills:
 + Level 9.3 Fighting
 + Level 9.3 Short Blades
 + Level 6.5 Long Blades
 + Level 6.5 Axes
 + Level 6.5 Maces & Flails
 + Level 6.5 Polearms
 + Level 6.5 Staves
 + Level 6.5 Slings
 + Level 6.5 Bows
 + Level 6.5 Crossbows
 + Level 6.5 Throwing
 + Level 8.0 Armour
 + Level 7.1 Dodging
 + Level 6.5 Stealth
 + Level 6.5 Shields
 + Level 6.5 Unarmed Combat
 + Level 6.5 Spellcasting
 + Level 5.4 Conjurations
 + Level 5.4 Hexes
 + Level 5.4 Charms
 + Level 5.4 Summonings
 + Level 5.4 Necromancy
 + Level 5.4 Translocations
 + Level 5.4 Transmutations
 + Level 5.4 Fire Magic
 + Level 5.4 Ice Magic
 + Level 5.4 Air Magic
 + Level 5.4 Earth Magic
 + Level 5.4 Poison Magic
 + Level 7.1 Invocations
 + Level 6.5 Evocations


You had 16 spell levels left.
You knew the following spells:

 Your Spells              Type           Power        Failure   Level  Hunger
a - Magic Dart            Conj           ###.         1%          1    None
c - Mephitic Cloud        Conj/Pois/Air  ###.....     5%          3    ##.....
j - Conjure Flame         Conj/Fire      ###.....     5%          3    ##.....

Your spell library contained the following spells:

 Spells                   Type           Power        Failure   Level  Hunger
 Blink                    Tloc           N/A          2%          2    #......
 Call Imp                 Summ           ###.....     2%          2    #......
 Slow                     Hex            ###.....     2%          2    #......


Dungeon Overview and Level Annotations

Branches:
Dungeon (11/15)            Temple (0/1) D:4            Lair (0/6) D:10
    Orc: D:9-12

Altars:
Ashenzari
Dithmenos
Fedhas
Qazlal
Ru
Sif Muna
Xom
Yredelemnul

Shops:
D:4 }

Annotations:
D:6 1 runed translucent door, fritzmikael's ghost, novice VSGl
D:8 exclusions: hornet and 1 more exclusion


Innate Abilities, Weirdness & Mutations

Your experience applies equally to all skills.
You have very sharp teeth.
Your uncanny sense of smell can sniff out nearby items.
You have large cloven feet.
You have a pair of small horns on your head.
You are partially covered in rugged brown scales. (AC +1, +3% HP)
You can translocate small distances at will.
Your system is resistant to poisons. (rPois)


Message History

Unknown command.
You feel better. Something barely misses you.
Something hits you but does no damage. The hound misses you.
Something barely misses you.
The manticore flicks its tail.
The volley of spikes hits something.
The orc completely misses you. Something hits you but does no damage.
The hound bites you.
* * * LOW HITPOINT WARNING * * *
As you read the scroll labeled BIOP MIRUANGOR, it crumbles to dust.
You feel aware of your surroundings.
It was a scroll of magic mapping.
Something hits you!
* * * LOW HITPOINT WARNING * * *
Something barely misses you. Something hits you but does no damage.
The manticore flicks its tail.
The volley of spikes hits something!
The fiery explosion engulfs something!!
The fiery explosion engulfs the orc!!
The orc explodes!
The fiery explosion engulfs you!!
You die...
Xom laughs nastily!

* *,,**,*,*∆*,,,,***,,,,,* *
*,,**,*,*,,,**#,,***,,,*** *
**,**,*,,,**##.,,,,***,,,* *
#****,**,,,*###./#,***,,***,, *
#.,,,,*,,*###!##.#,*∆*,,,,***
***##.***,,*###....#.#,*,*,,,,,,*
∆,,,..###.###......#.#,,,*,..,***
****,..o..c.c.§##).H.#####..#####
,,,,,,.o#,**#D§§@§§#.#....####..#
,***>*#.#,,,###h§§.#.#..######.##
,,,*,*#.#**,,,###§##..#######..##
**,,,*#.# *,,,,,###..######....##
,,,***#.# *,,,,,,,###.......##.##
,*****#.# *,*****,,,#######..|.##
,,,,,*#.# *,* **,,,,,######)(##
*,**,*#.# *,* *,***,,,#####÷##
*,**,*#.# *,* *,* ***∆..###(.#


You could see a seven-headed hydra (inner flame), a manticore (inner flame), 2
centaurs and a hound (inner flame).

Vanquished Creatures
  A two-headed ogre (D:8)
  2 centaur warriors (D:11)
  A cyclops (D:11)
  A manticore (D:11)
  2 centaur zombies (D:11)
  A centaur skeleton (D:11)
  2 trolls
  2 hornets (D:8)
  2 hippogriffs
  4 yaks (D:9)
  A wyvern (D:10)
  An acid dragon (D:11)
  A water moccasin (D:10)
  A sky beast (D:6)
  6 ice beasts
  6 phantoms
  4 orc warriors
  A black bear (D:7)
  8 ogres
  4 centaurs
  A big kobold (D:8)
  A gnoll sergeant (D:8)
  6 bullfrogs
  A wyvern skeleton (D:11)
  A scorpion (D:10)
  9 killer bees
  14 wights
  7 howler monkeys
  4 crimson imps
  2 quasits
  2 bullfrog zombies
  9 hounds
  A bullfrog skeleton (D:5)
  2 jellies
  10 orc wizards
  4 orc priests
  A gnoll shaman (D:7)
  Jessica (D:3)
  2 iguanas
  A worker ant (D:8)
  A worker ant zombie (D:9)
  4 adders
  6 gnolls
  2 shadow imps
  An ooze (D:1)
  2 adder zombies
  2 worms
  A dart slug (D:5)
  7 leopard geckos
  30 orcs
  A ball python (D:3)
  5 bats
  2 giant cockroaches (D:2)
  10 goblins
  8 hobgoblins
  9 jackals
  4 quokkas
  4 frilled lizards
  A jackal skeleton (D:5)
  14 kobolds
  A quokka zombie (D:6)
  5 rats
250 creatures vanquished.

Vanquished Creatures (collateral kills)
  2 yaks (D:9)
  A bullfrog (D:9)
  A scorpion (D:4)
  A wight (D:9)
  A crimson imp (D:6)
  An orc wizard (D:6)
  2 orcs (D:6)
  A giant cockroach (D:4)
10 creatures vanquished.

Vanquished Creatures (others)
  A bullfrog skeleton (D:5)
  An ooze (D:3)
2 creatures vanquished.

Grand Total: 262 creatures vanquished

Notes
Turn   | Place    | Note
-------+----------+-------------------------------------------
     0 | D:1      | FishyPogo the Gnoll Chaos Knight began the quest for the
                  | Orb.
     0 | D:1      | Reached XP level 1. HP: 23/23 MP: 1/1
    67 | D:1      | Reached XP level 2. HP: 29/29 MP: 2/2
   305 | D:1      | XOM: harmless Ice miscast
   430 | D:1      | XOM: harmless Air miscast
   663 | D:2      | Reached XP level 3. HP: 35/35 MP: 3/3
   683 | D:2      | XOM: summons 1 hostile demon
   958 | D:2      | Reached skill level 1 in Invocations
   959 | D:2      | Found a faded altar of an unknown god.
   982 | D:2      | Found a shimmering blue altar of Sif Muna.
  1153 | D:2      | Reached skill level 1 in Long Blades
  1153 | D:2      | Reached skill level 1 in Axes
  1153 | D:2      | Reached skill level 1 in Maces & Flails
  1153 | D:2      | Reached skill level 1 in Polearms
  1153 | D:2      | Reached skill level 1 in Staves
  1153 | D:2      | Reached skill level 1 in Slings
  1153 | D:2      | Reached skill level 1 in Bows
  1153 | D:2      | Reached skill level 1 in Crossbows
  1153 | D:2      | Reached skill level 1 in Throwing
  1153 | D:2      | Reached skill level 1 in Stealth
  1153 | D:2      | Reached skill level 1 in Shields
  1153 | D:2      | Reached skill level 1 in Unarmed Combat
  1153 | D:2      | Reached skill level 1 in Spellcasting
  1153 | D:2      | Reached skill level 1 in Evocations
  1326 | D:3      | Reached XP level 4. HP: 31/41 MP: 5/5
  1365 | D:3      | XOM: god gift: 8 curare-tipped darts
  1419 | D:3      | XOM: harmless Summ miscast
  1583 | D:3      | Found a stormy altar of Qazlal.
  1583 | D:3      | Noticed an air elemental
  1585 | D:3      | Noticed an earth elemental
  1586 | D:3      | Noticed a water elemental
  1586 | D:3      | Noticed a fire elemental
  1722 | D:3      | Noticed a centaur
  1728 | D:3      | XOM: potion effect (haste)
  1736 | D:3      | Killed a centaur
  1736 | D:3      | Reached skill level 1 in Conjurations
  1736 | D:3      | Reached skill level 1 in Hexes
  1736 | D:3      | Reached skill level 1 in Charms
  1736 | D:3      | Reached skill level 1 in Summonings
  1736 | D:3      | Reached skill level 1 in Necromancy
  1736 | D:3      | Reached skill level 1 in Translocations
  1736 | D:3      | Reached skill level 1 in Transmutations
  1736 | D:3      | Reached skill level 1 in Fire Magic
  1736 | D:3      | Reached skill level 1 in Ice Magic
  1736 | D:3      | Reached skill level 1 in Air Magic
  1736 | D:3      | Reached skill level 1 in Earth Magic
  1736 | D:3      | Reached skill level 1 in Poison Magic
  1736 | D:3      | Reached XP level 5. HP: 11/47 MP: 5/7
  1864 | D:3      | XOM: mild Tmut miscast
  1994 | D:3      | XOM: harmless Chrm miscast
  2130 | D:3      | Noticed Jessica
  2158 | D:3      | Killed Jessica
  2158 | D:3      | Reached XP level 6. HP: 53/53 MP: 8/8
  2167 | D:3      | Found a shimmering blue altar of Sif Muna.
  2265 | D:3      | Found a sacrificial altar of Ru.
  2265 | D:3      | Found a shattered altar of Ashenzari.
  2312 | D:4      | XOM: summons friendly iron imp
  2323 | D:4      | Found Boomepor's Gadget Shoppe.
  2398 | D:4      | Found a staircase to the Ecumenical Temple.
  2398 | D:4      | XOM: 6-stop teleportation journey
  2471 | D:4      | Noticed a phantom
  2500 | D:4      | XOM: 3-stop teleportation journey
  2603 | D:4      | XOM: fog
  2611 | D:4      | Killed a phantom
  2611 | D:4      | Reached skill level 5 in Armour
  2622 | D:4      | XOM: scenery: 1 doors open, 1 doors close
  2799 | D:5      | Entered Level 5 of the Dungeon
  2806 | D:5      | Reached XP level 7. HP: 59/59 MP: 10/10
  2841 | D:5      | XOM: give mutation
  2841 | D:5      | Gained mutation: You have large cloven feet. [Xom's grace]
  2861 | D:5      | XOM: enchant monster (good)
  2868 | D:5      | XOM: cleaving
  2965 | D:5      | Reached XP level 8. HP: 47/67 MP: 12/12
  3264 | D:5      | XOM: give mutations
  3264 | D:5      | Gained mutation: You have a pair of small horns on your
                  | head. [Xom's grace]
  3264 | D:5      | Gained mutation: Your system is resistant to poisons.
                  | (rPois) [Xom's grace]
  3264 | D:5      | Gained mutation: You are partially covered in rugged brown
                  | scales. (AC +1, +3% HP) [Xom's grace]
  3264 | D:5      | Gained mutation: You can translocate small distances at
                  | will. [Xom's grace]
  3478 | D:5      | XOM: scenery: create altars
  3793 | D:6      | XOM: summons friendly white imp
  3823 | D:6      | Noticed a hippogriff
  3834 | D:6      | XOM: noise
  3844 | D:6      | Killed a hippogriff
  3947 | D:6      | Noticed fritzmikael's ghost (novice VSGl)
  3960 | D:6      | Found a runed translucent door.
  4201 | D:6      | Found a basalt altar of Yredelemnul.
  4360 | D:6      | XOM: 5-stop teleportation journey
  4782 | D:7      | Reached XP level 9. HP: 74/74 MP: 14/14
  4832 | D:7      | XOM: cleaving
  5237 | D:7      | XOM: confusion (+ monsters)
  5325 | D:7      | XOM: confusion
  5332 | D:7      | XOM: 1-stop teleportation journey
  5375 | D:7      | XOM: noise
  5380 | D:7      | Reached skill level 5 in Dodging
  5887 | D:8      | XOM: potion effect (agility)
  5947 | D:8      | Noticed a two-headed ogre
  5956 | D:8      | XOM: cast spell 'Shadow Creatures'
  5960 | D:8      | Found a shadowy altar of Dithmenos.
  5978 | D:8      | Killed a two-headed ogre
  5978 | D:8      | Reached skill level 5 in Invocations
  5978 | D:8      | Reached XP level 10. HP: 68/82 MP: 15/17
  6056 | D:8      | Learned a level 1 spell: Magic Dart
  6060 | D:8      | Learned a level 3 spell: Conjure Flame
  6064 | D:8      | Learned a level 3 spell: Mephitic Cloud
  6085 | D:8      | XOM: blink monster(s)
  6136 | D:8      | XOM: enchant monster (good)
  6242 | D:8      | Reached skill level 5 in Long Blades
  6242 | D:8      | Reached skill level 5 in Axes
  6242 | D:8      | Reached skill level 5 in Maces & Flails
  6242 | D:8      | Reached skill level 5 in Polearms
  6242 | D:8      | Reached skill level 5 in Staves
  6242 | D:8      | Reached skill level 5 in Slings
  6242 | D:8      | Reached skill level 5 in Bows
  6242 | D:8      | Reached skill level 5 in Crossbows
  6242 | D:8      | Reached skill level 5 in Throwing
  6242 | D:8      | Reached skill level 5 in Stealth
  6242 | D:8      | Reached skill level 5 in Shields
  6242 | D:8      | Reached skill level 5 in Unarmed Combat
  6242 | D:8      | Reached skill level 5 in Spellcasting
  6242 | D:8      | Reached skill level 5 in Evocations
  6248 | D:8      | XOM: summons 6 friendly demons
  6300 | D:8      | XOM: scenery: 1 doors close
  6479 | D:8      | XOM: harmless Fire miscast
  6618 | D:9      | XOM: polymorph orc warrior -> howler monkey
  6931 | D:9      | XOM: cloud trail
  7059 | D:9      | Found a blossoming altar of Fedhas.
  7134 | D:9      | XOM: summons friendly chaos spawn
  7271 | D:10     | Entered Level 10 of the Dungeon
  7383 | D:10     | Found a staircase to the Lair.
  7391 | D:10     | Reached XP level 11. HP: 40/89 MP: 19/19
  7402 | D:9      | XOM is BORED!
  7402 | D:9      | XOM: confusion
  8057 | D:10     | XOM: fake destruction
  8172 | D:10     | XOM: confuse monster(s)
  8508 | D:10     | XOM: cleaving
  8514 | D:10     | XOM: fog
  8761 | D:10     | XOM: swap monsters
  8763 | D:10     | Reached skill level 5 in Conjurations
  8763 | D:10     | Reached skill level 5 in Hexes
  8763 | D:10     | Reached skill level 5 in Charms
  8763 | D:10     | Reached skill level 5 in Summonings
  8763 | D:10     | Reached skill level 5 in Necromancy
  8763 | D:10     | Reached skill level 5 in Translocations
  8763 | D:10     | Reached skill level 5 in Transmutations
  8763 | D:10     | Reached skill level 5 in Fire Magic
  8763 | D:10     | Reached skill level 5 in Ice Magic
  8763 | D:10     | Reached skill level 5 in Air Magic
  8763 | D:10     | Reached skill level 5 in Earth Magic
  8763 | D:10     | Reached skill level 5 in Poison Magic
  8780 | D:11     | XOM: 7-stop teleportation journey
  8781 | D:11     | Noticed a cyclops
  8781 | D:11     | Noticed a centaur warrior
  8781 | D:11     | Noticed a manticore
  8781 | D:11     | Noticed a centaur warrior
  8784 | D:11     | Killed a manticore
  8791 | D:11     | Killed a centaur warrior
  8794 | D:11     | Killed a centaur warrior
  8805 | D:11     | Killed a cyclops
  8826 | D:11     | Got a translucent golden ring
  8828 | D:11     | Identified the ring of Vemuc {rC+ rN+ Str+2} (You found it
                  | on level 11 of the Dungeon)
  8908 | D:11     | XOM: confuse monster(s)
  8917 | D:11     | XOM: harmless Necr miscast
  8934 | D:11     | Noticed a manticore
  8935 | D:11     | Noticed a seven-headed hydra
  8936 | D:11     | XOM: divination: magic mapping
  8939 | D:11     | HP: 4/91 [something (9)]
  8939 | D:11     | Killed an unseen horror
  8939 | D:11     | Killed from afar by an orc

Levels and vault maps discovered:
D:1:      lightli_arrival_statuegarden, layout_loops_ring,
          minmay_split_cup_small
D:2:      layout_basic, old_standard_altar, chequers_ecumenical_altar_simple,
          first_ration
D:3:      cheibrodos_greedy_goblins, layout_loops_ring,
          nicolae_qazlal_style_of_elements, gammafunk_temple_overflow_elements,
          chequers_serial_rivers_micro_c, tgw_sif
D:4:      layout_cave_pools, minmay_temple_entry_poolview, serial_shops,
          nicolae_shop_behind_doors
D:5:      layout_cave_pools, grunt_ministairs_1, chequers_big_river
D:6:      layout_gridville, lemuel_coloured_pillars_altar,
          hellmonk_ghost_happy_afterlife, grunt_decor_one_mirror
D:7:      layout_basic
D:8:      layout_basic, hangedman_pestilent_swarm,
          nicolae_dithmenos_through_a_glass_darkly
D:9:      layout_irregular_city, old_standard_altar
D:10:     layout_cave_pools, lair_entry_dummy
D:11:     minmay_the_grid_triangle_9x9_rhombus_thin
          [minmay_the_grid_triangle_9x9_intruding_spiral,
          minmay_the_grid_triangle_9x9_prize_insulated,
          minmay_the_grid_triangle_9x9_steps,
          minmay_the_grid_triangle_9x9_dagger], layout_loops_ring

Skill      XL: |  1  2  3  4  5  6  7  8  9 10 11 |
---------------+----------------------------------+-----
Invocations    | 1 2 3 4 5 6 7 |  7.1
Long Blades    | 1 2 3 4 5 6 |  6.5
Axes           | 1 2 3 4 5 6 |  6.5
Maces & Flails | 1 2 3 4 5 6 |  6.5
Polearms       | 1 2 3 4 5 6 |  6.5
Staves         | 1 2 3 4 5 6 |  6.5
Slings         | 1 2 3 4 5 6 |  6.5
Bows           | 1 2 3 4 5 6 |  6.5
Crossbows      | 1 2 3 4 5 6 |  6.5
Throwing       | 1 2 3 4 5 6 |  6.5
Stealth        | 1 2 3 4 5 6 |  6.5
Shields        | 1 2 3 4 5 6 |  6.5
Unarmed Combat | 1 2 3 4 5 6 |  6.5
Spellcasting   | 1 2 3 4 5 6 |  6.5
Evocations     | 1 2 3 4 5 6 |  6.5
Conjurations   | 1 2 3 4 5 |  5.4
Hexes          | 1 2 3 4 5 |  5.4
Charms         | 1 2 3 4 5 |  5.4
Summonings     | 1 2 3 4 5 |  5.4
Necromancy     | 1 2 3 4 5 |  5.4
Translocations | 1 2 3 4 5 |  5.4
Transmutations | 1 2 3 4 5 |  5.4
Fire Magic     | 1 2 3 4 5 |  5.4
Ice Magic      | 1 2 3 4 5 |  5.4
Air Magic      | 1 2 3 4 5 |  5.4
Earth Magic    | 1 2 3 4 5 |  5.4
Poison Magic   | 1 2 3 4 5 |  5.4
Dodging        | 3 4 5 6 7 |  7.1
Armour         | 5 6 7 8 |  8.0
Fighting       | 7 8 9 |  9.3
Short Blades   | 7 8 9 |  9.3

Action                   |  1- 3 |  4- 6 |  7- 9 | 10-12 || total
-------------------------+-------+-------+-------+-------++-------
Melee: Short sword       |   112 |   124 |    71 |       ||   307
       Bite              |    14 |    15 |    53 |    52 ||   134
       Punch             |       |     2 |    12 |    11 ||    25
       Dagger            |       |       |   293 |    83 ||   376
       Headbutt          |       |       |    89 |    99 ||   188
       War axe           |       |       |       |   177 ||   177
       Scimitar          |       |       |       |    32 ||    32
       Great mace        |       |       |       |    20 ||    20
Throw: Stone             |       |    32 |    10 |       ||    42
       Dart              |       |       |     7 |     3 ||    10
       Boomerang         |       |       |       |     5 ||     5
 Cast: Magic Dart        |       |       |       |    15 ||    15
       Mephitic Cloud    |       |       |       |     4 ||     4
  Use: Potion            |     2 |       |       |     7 ||     9
       Scroll            |       |       |       |     4 ||     4
 Stab: Paralysed         |     1 |     1 |       |       ||     2
       Sleeping          |       |     1 |     5 |     3 ||     9
       Confused          |       |     1 |       |     6 ||     7
       Distracted        |       |       |     2 |       ||     2
  Eat: Chunk             |     1 |    13 |    12 |    10 ||    36
Armor: Leather armour    |    36 |    32 |    89 |   115 ||   272
       Skin              |       |       |       |     2 ||     2
Dodge: Dodged            |    47 |    62 |   178 |   334 ||   621
       Rpst.: Scimitar   |       |       |       |    11 ||    11
